 Dungeon Crawl Stone Soup version bcrawl-1.39.1 (webtiles) character file.

Game seed: 17393558613405340329

150423 Finalfun the Stinger (level 5, 35/35 HPs)
             Began as a Demonspawn Venom Mage on Sept 26, 2023.
             Quit the game on level 3 of the Dungeon.
             The game lasted 00:11:26 (2434 turns).

Finalfun the Stinger (Demonspawn Venom Mage)        Turns: 2434, Time: 00:11:26

Health: 35/35      AC:  2    Str:  8    XL:     5   Next: 22%
Magic:  8/8        EV: 12    Int: 18    God:
Gold:   201        SH:  0    Dex: 13    Spells: 2/8 levels left

rFire    . . .     GDR:     25% m - +0 dagger
rCold    . . .     SeeInvis .   (no shield)
rNeg     . . .     Gourm    .   a - +0 robe
rPois    .         Faith    .   (helmet restricted)
rElec    .         Spirit   .   (no cloak)
rCorr    .         Reflect  .   (no gloves)
MR       .....                  (no boots)
Stlth    ++........             (no amulet)
HPRegen  0.15/turn              (no ring)
MPRegen  0.11/turn              (no ring)

@: no status effects
A: claws 1, horns 2
a: no special abilities


You were on level 3 of the Dungeon.
You were not hungry.

You visited 1 branch of the dungeon, and saw 3 of its levels.

You collected 201 gold pieces.

Inventory:

Hand Weapons
 m - a +0 dagger (weapon)
Missiles
 h - 1019 stones (quivered)
 q - 181 poisoned needles
Armour
 a - a +0 robe (worn)
 d - a +0 leather armour
 n - a +0 pair of gloves
 t - a cursed -2 leather armour
Jewellery
 k - an uncursed ring of positive energy {unknown}
 o - an uncursed ring of wizardry {unknown}
 u - a cursed ring of teleportation {unknown}
Scrolls
 g - 3 scrolls of teleportation
 i - a scroll of identify
 l - a scroll of revelation
Potions
 b - 5 potions of curing
 c - a potion of berserk rage
 f - 2 potions of lignification {unknown}
 j - 2 potions of brilliance
 p - a potion of agility {unknown}
 r - 2 potions of heal wounds {unknown}
 v - a potion of haste {unknown}
Comestibles
 e - 3 rations {!d}
 s - 3 chunks of flesh


   Skills:
 - Level 2.0 Dodging
 - Level 2.0 Stealth
 - Level 2.0 Spellcasting
 + Level 1.9 Conjurations
 + Level 1.3 Transmutations
 + Level 1.2 Fire Magic
 + Level 1.3 Air Magic
 + Level 4.6 Poison Magic


You had 2 spell levels left.
You knew the following spells:

 Your Spells              Type           Power        Failure   Level  Hunger
a - Sting                 Conj/Pois      ##..         4%          1    None
b - Poisonous Vapours     Pois/Air       ##....       9%          2    ##.....
c - Ignite Poison         Fire/Tmut/Pois ##......     21%         3    ####...

Your spell library contained the following spells:

 Spells                   Type           Power        Failure   Level  Hunger
 Olgreb's Toxic Radiance  Pois           ###......    26%         4    ######.
 Summon Scorpions         Summ/Pois      ##......     56%         4    ######.
 Venom Bolt               Conj/Pois      ##........   78%         5    #######


Dungeon Overview and Level Annotations

Branches:
Dungeon (3/12)

Altars:
Hepliaklqana


Innate Abilities, Weirdness & Mutations

You have sharp fingernails.
You have a pair of horns on your head.


Message History

Confirm with . or Enter, or press ? or * to list all spells.
Aiming: Sting (safe; 4% risk of failure)
Press: ? - help, Shift-Dir - straight line, f - bat
Aim: a bat The sting hits the bat.
The bat is poisoned.
You kill the bat!
Eating one of 4 chunks of flesh.
You eat one of the 4 chunks of flesh.
This raw flesh tastes terrible.
h - 1019 stones (gained 103)
You now have 201 gold pieces (gained 49).
s - 3 chunks of flesh
There is a stone staircase leading up, spattered with blood here.
Things that are here:
a +0 flail; a +0 leather armour; an orc skeleton
q - 181 poisoned needles (gained 114)
A scorpion comes into view.
Unknown command.
Fire/throw which item? (* to show all) (? for menu, Esc to quit)
Okay, then.
Are you sure you want to abandon this character and quit the game? (Confirm with "yes".)

.# #.........#
.#####.........#...#
.....#.....)...#...###
###............#...... s
.....#..[<.....#..... ..
.#......##.#####...##...
...8....##.# ##........
.#).....##.## #.........
###.....##..###.@.?..#
.#..........#....#..#...
...8..#.......#.#..##
.#....#......##...##
###.........##..###
.#.................
...8..##...<.?.....
......####.........
......# #..........


You could see a scorpion (sleeping).

Vanquished Creatures
  An orc wizard (D:3)
  4 gnolls
  2 adders (D:2)
  2 oozes
  2 worms
  A dart slug (D:2)
  2 leopard geckos (D:1)
  2 orcs (D:3)
  7 bats
  5 giant cockroaches (D:1)
  6 goblins
  7 hobgoblins
  2 quokkas
  3 ball pythons
  4 frilled lizards
  5 kobolds
  5 rats
  A spectral goblin (D:2)
61 creatures vanquished.

Notes
Turn   | Place    | Note
-------+----------+-------------------------------------------
     0 | D:1      | Finalfun the Demonspawn Venom Mage began the quest for the
                  | Orb.
     0 | D:1      | Reached XP level 1. HP: 13/13 MP: 3/3
   156 | D:1      | Gained mutation: You have a pair of small horns on your
                  | head. [demonic ancestry]
   156 | D:1      | Reached XP level 2. HP: 19/19 MP: 3/5
   654 | D:1      | Reached skill level 4 in Poison Magic
   764 | D:1      | Reached XP level 3. HP: 24/24 MP: 3/6
   872 | D:1      | Learned a level 2 spell: Poisonous Vapours
   876 | D:1      | Learned a level 3 spell: Ignite Poison
  1626 | D:2      | Found a hazy altar of Hepliaklqana.
  1743 | D:3      | Gained mutation: You have a pair of horns on your head.
                  | [demonic ancestry]
  1743 | D:3      | Reached XP level 4. HP: 30/30 MP: 2/7
  1838 | D:2      | Reached skill level 1 in Transmutations
  1838 | D:2      | Reached skill level 1 in Air Magic
  1998 | D:3      | Reached skill level 1 in Fire Magic
  2065 | D:2      | Gained mutation: You have sharp fingernails. [demonic
                  | ancestry]
  2065 | D:2      | Reached XP level 5. HP: 17/35 MP: 2/8
  2229 | D:3      | HP: 1/35 [gnoll/+0 halberd (11)]
  2434 | D:3      | Quit the game

Skill      XL: |  1  2  3  4 |
---------------+-------------+-----
Dodging        | 2 |  2.0
Poison Magic   | 4 |  4.6
Transmutations | 1 |  1.3
Air Magic      | 1 |  1.3
Fire Magic     | 1 |  1.2
Stealth        | |  2.0
Spellcasting   | |  2.0
Conjurations   | |  1.9

Action                   |  1- 3 |  4- 6 || total
-------------------------+-------+-------++-------
Melee: Unarmed           |    14 |       ||    14
       Headbutt          |     4 |     2 ||     6
       Dagger            |    24 |     8 ||    32
Throw: Stone             |    18 |     5 ||    23
 Cast: Sting             |    80 |    45 ||   125
  Use: Scroll            |     1 |     1 ||     2
       Potion            |       |     2 ||     2
  Eat: Chunk             |     5 |     4 ||     9
Armor: Robe              |     7 |     8 ||    15
Dodge: Dodged            |    24 |    29 ||    53
